 Dungeon Crawl Stone Soup version 0.26.1-2-gb8aa6d0cf2 (webtiles) character file.

Game seed: 4889384174037969677

211 fernweh the Slasher (level 5, -1/42 HPs)
             Began as a Demonspawn Chaos Knight on Feb 10, 2021.
             Was a Plaything of Xom.
             Killed by divine providence
             ... invoked by an orc priest
              (12 damage)
             ... on level 3 of the Dungeon.
             The game lasted 00:06:54 (2593 turns).

fernweh the Slasher (Demonspawn Chaos Knight)       Turns: 2593, Time: 00:06:55

Health: -1/42      AC:  9    Str: 12    XL:     5   Next: 57%
Magic:  5/5        EV: 11    Int: 14    God:    Xom [*.....]
Gold:   109        SH:  0    Dex: 13    Spells: 4/4 levels left

rFire    . . .     SeeInvis .   a - +1 falchion (chaos)
rCold    + . .     Faith    .   (no shield)
rNeg     . . .     Spirit   .   m - +3 ring mail {rC+}
rPois    .         Reflect  .   (helmet restricted)
rElec    .         Harm     .   (no cloak)
rCorr    .         Rampage  .   l - +0 pair of gloves
Will     .....                  (no boots)
Stlth    +.........             f - amulet of the acrobat
HPRegen  0.14/turn              (no ring)
MPRegen  0.09/turn              (no ring)

@: no status effects
A: horns 1, powered by pain 1
a: Renounce Religion


You were on level 3 of the Dungeon.
You worshipped Xom.
You were a special plaything of Xom.
You visited 1 branch of the dungeon, and saw 3 of its levels.

You collected 109 gold pieces.

Inventory:

Hand Weapons
 a - a +1 falchion of chaos (weapon)
Missiles
 n - 3 boomerangs (quivered)
Armour
 b - a +2 leather armour
 l - a +0 pair of gloves (worn)
 m - a +3 ring mail of cold resistance (worn)
Jewellery
 f - an amulet of the acrobat (around neck)
 p - a +6 ring of strength {unknown}
Scrolls
 c - a scroll of noise
 e - 2 scrolls of identify
 g - 2 scrolls of remove curse
 k - a scroll of enchant weapon
Potions
 d - 2 potions of curing {unknown}
 h - 2 potions of heal wounds
 j - a potion of berserk rage {unknown}
 o - a potion of might {unknown}
 q - 2 potions of mutation {unknown}
 r - a potion of attraction {unknown}


   Skills:
 + Level 4.1 Fighting
 + Level 4.3 Long Blades
 + Level 2.3 Armour
 + Level 1.7 Dodging
 + Level 1.0 Stealth


You had 4 spell levels left.
You didn't know any spells.
Your spell library was empty.

Dungeon Overview and Level Annotations

Branches:
Dungeon (3/15)

Altars:


Innate Abilities, Weirdness & Mutations

You have a pair of small horns on your head.
You sometimes gain a little power by taking damage.


Message History

The orc is heavily wounded.
The orc priest hits you with a +0 hand axe.
The orc misses you.
You completely miss the orc priest. You headbutt the orc priest.
The orc priest is almost dead.
The orc hits you but does no damage. The orc priest closely misses you.
You riposte.
You closely miss the orc priest.
The orc priest is almost dead.
Unknown command.
You barely miss the orc priest.
The orc priest is almost dead.
The orc hits you with a +0 war axe of freezing!
* * * LOW HITPOINT WARNING * * *
The orc freezes you.
* * * LOW HITPOINT WARNING * * *
The orc barely misses you.
The orc priest mumbles some strange prayers to Beogh against you.
Beogh smites you!
You die... "Boring in life, boring in death..."

.###########
.....?.o@oo#
.......o##.# #####
#######.##.###...##
#.##o##(..[.#
#.##........#
#.#####o....# ####
#.# ##...## ... #.#
##o## .# #)# #.#


You could see an orc priest and 3 orcs.

Vanquished Creatures
  A hound (shapeshifter) (D:2)
  2 orc priests
  2 adders
  2 oozes (D:3)
  3 dart slugs
  2 worms (D:2)
  3 leopard geckos
  8 orcs
  7 bats
  9 giant cockroaches
  4 goblins
  6 hobgoblins
  4 jackals (D:1)
  6 kobolds
  A ball python (D:2)
  7 frilled lizards
  10 rats
77 creatures vanquished.

Notes
Turn   | Place    | Note
-------+----------+-------------------------------------------
     0 | D:1      | fernweh the Demonspawn Chaos Knight began the quest for the
                  | Orb.
     0 | D:1      | Reached XP level 1. HP: 18/18 MP: 1/1
   126 | D:1      | XOM: silly message
   176 | D:1      | Gained mutation: You sometimes gain a little power by
                  | taking damage. [demonic ancestry]
   176 | D:1      | Reached XP level 2. HP: 22/24 MP: 2/2
   410 | D:1      | XOM: 2-stop teleportation journey
   552 | D:1      | Reached XP level 3. HP: 24/29 MP: 3/3
   729 | D:1      | XOM: silly message
  1085 | D:1      | XOM: divination: magic mapping
  1110 | D:1      | XOM: god gift: shiny ring mail {god gift}
  1276 | D:2      | Reached skill level 1 in Dodging
  1416 | D:2      | XOM: 5-stop teleportation journey
  1426 | D:2      | Noticed a shapeshifter
  1426 | D:2      | an orc changed into a shapeshifter
  1426 | D:2      | Noticed a soldier ant
  1426 | D:2      | a shapeshifter changed into a soldier ant
  1430 | D:2      | XOM: blink monster(s)
  1443 | D:2      | Reached XP level 4. HP: 19/37 MP: 4/4
  1519 | D:2      | XOM: 6-stop teleportation journey
  1978 | D:2      | XOM: divination: detect items
  2015 | D:2      | XOM: cloud trail
  2234 | D:3      | Gained mutation: You have a pair of small horns on your
                  | head. [demonic ancestry]
  2234 | D:3      | Reached XP level 5. HP: 42/42 MP: 5/5
  2329 | D:3      | XOM: snakes to sticks
  2359 | D:3      | Reached skill level 1 in Stealth
  2513 | D:3      | XOM: potion effect (brilliance)
  2514 | D:3      | XOM: swap monsters
  2589 | D:3      | XOM: swap monsters
  2593 | D:3      | Killed from afar by an orc priest

Illustrated notes

Levels and vault maps discovered:
D:1:      onia_arrival_mini_spirals, layout_loops_ring
D:2:      layout_loops_ring
D:3:      layout_loops_ring, nrook_campfire, kennysheep_nondescript

Skill      XL: |  1  2  3  4  5 |
---------------+----------------+-----
Long Blades    | 3 4 |  4.3
Armour         | 2 |  2.3
Dodging        | 1 |  1.7
Fighting       | 4 |  4.1
Stealth        | 1 |  1.0

Action                   |  1- 3 |  4- 6 || total
-------------------------+-------+-------++-------
Melee: Falchion          |   125 |   108 ||   233
       Headbutt          |       |     7 ||     7
Throw: Boomerang         |       |     2 ||     2
  Use: Scroll            |     1 |     4 ||     5
       Potion            |       |     1 ||     1
 Stab: Paralysed         |     6 |       ||     6
       Sleeping          |     1 |       ||     1
Armor: Leather armour    |    30 |       ||    30
       Ring mail         |    14 |    47 ||    61
Dodge: Dodged            |    73 |    76 ||   149
       Rpst.: Falchion   |    24 |    21 ||    45
